 Dungeon Crawl Stone Soup version 0.28-a0-586-gbdb9d174a4 (webtiles) character file.

Game seed: 1520886184213732432

310 Antediluvian the Skirmisher (level 6, -4/49 HPs)
             Began as a Formicid Monk on Oct 3, 2021.
             Was an Elder of Lugonu.
             Slain by Crazy Yiuf (19 damage)
             ... on level 3 of the Dungeon.
             The game lasted 00:05:12 (3712 turns).

Antediluvian the Skirmisher (Formicid Monk)         Turns: 3712, Time: 00:05:13

Health: -4/49      AC:  6    Str: 17    XL:     6   Next: 70%
Magic:  8/8        EV: 14    Int: 10    God:    Lugonu [****..]
Gold:   111        SH:  0    Dex: 13    Spells: 5/5 levels left

rFire   . . .      SeeInvis +   a - +0 falchion
rCold   . . .      Faith    .   (no shield)
rNeg    . . .      Spirit   .   m - +0 scale mail
rPois   .          Reflect  .   (helmet unavailable)
rElec   .          Harm     .   (no cloak)
rCorr   .          Rampage  .   (no gloves)
Will    .....                   (no boots)
Stlth   +.........              (no amulet)
HPRegen 0.16/turn               b - +4 ring of evasion
MPRegen 0.11/turn               (no ring)

@: lethally poisoned (-4 -> -8)
A: permanent stasis, dig shafts and tunnels, antennae 3, four strong arms
a: Dig, Shaft Self, Renounce Religion, Depart the Abyss, Bend Space, Banish,
Corrupt


You were on level 3 of the Dungeon.
You worshipped Lugonu.
Lugonu was greatly pleased with you.
You visited 1 branch of the dungeon, and saw 3 of its levels.

You collected 111 gold pieces.

Inventory:

Hand Weapons
 a - a +0 falchion (weapon)
Armour
 f - a +0 ring mail
 m - a +0 scale mail (worn)
Jewellery
 b - a +4 ring of evasion (left hand)
Wands
 g - a wand of paralysis (4)
Scrolls
 d - 2 scrolls of identify {unknown}
 h - a scroll of noise {unknown}
 k - a scroll of amnesia {unknown}
Potions
 c - 2 potions of curing {unknown}
 e - a potion of might {unknown}
 i - a potion of flight {unknown}
 j - a potion of heal wounds {unknown}
 l - a potion of berserk rage {unknown}
 n - a potion of brilliance {unknown}


   Skills:
 + Level 4.7 Fighting
 + Level 4.3 Long Blades
 + Level 3.2 Armour
 - Level 2.6 Dodging
 - Level 2.4 Stealth
 + Level 3.2 Invocations


You had 5 spell levels left.
You didn't know any spells.
Your spell library contained the following spells:

 Spells                   Type           Power      Damage    Failure   Level
 Sandblast                Erth           0%         2d4       77%         1
 Passwall                 Tmut/Erth      0%         N/A       88%         2
 Gell's Gravitas          Tloc           0%         N/A       98%         3
 Stone Arrow              Conj/Erth      0%         3d7       98%         3
 Teleport Other           Tloc           0%         N/A       98%         3
 Petrify                  Tmut/Erth      0%         N/A       100%        4
 Metabolic Englaciation   Hex/Ice        0%         N/A       100%        5
 Dispersal                Tloc           0%         N/A       100%        6
 Statue Form              Tmut/Erth      0%         N/A       100%        6


Dungeon Overview and Level Annotations

Branches:
Dungeon (3/15)

Altars:
Dithmenos
Nemelex Xobeh
Vehumet
Lugonu

Annotations:
D:3 Crazy Yiuf


Innate Abilities, Weirdness & Mutations

You cannot be hasted, slowed, berserked, paralysed or teleported.
You can dig through walls and to a lower floor.
You have a pair of large antennae on your head. (SInv)
Your four strong arms can wield two-handed weapons with a shield.


Message History

You slash Ijyb!
You kill Ijyb!
Lugonu accepts your kill.
g - a wand of paralysis (4);
n - a fizzy dark potion
Things that are here:
a +0 club; a +0 ring mail; the goblin corpse of Ijyb
Found a stone staircase leading down.
You now have 94 gold pieces (gained 8).
You see here a +0 leather armour.
You now have 111 gold pieces (gained 17).
You see here 18 poisoned darts.
Crazy Yiuf shouts!
Crazy Yiuf says, "Cards cower infinity!"
Could not explore, unopened runed door.
You open the door. You hit Crazy Yiuf.
Crazy Yiuf is lightly wounded.
Crazy Yiuf hits you with a +3 quarterstaff of chaos.
You are poisoned.
You closely miss Crazy Yiuf.
Crazy Yiuf is lightly wounded.
You feel very sick.
Crazy Yiuf hits you with a +3 quarterstaff of chaos!
Crazy Yiuf burns you. Crazy Yiuf barely misses you.
You barely miss Crazy Yiuf.
Crazy Yiuf is lightly wounded.
You feel sick.
Crazy Yiuf says, "Dawk seventy pontify!"
Crazy Yiuf completely misses you.
You slash Crazy Yiuf!
Crazy Yiuf is heavily wounded.
You feel sick.
Crazy Yiuf hits you with a +3 quarterstaff of chaos.
Crazy Yiuf draws strength from your wounds!
You barely miss Crazy Yiuf.
Crazy Yiuf is heavily wounded.
You feel sick.
Crazy Yiuf hits you with a +3 quarterstaff of chaos.
You are electrocuted!!
You die...

.....##.###.#.# .#.####.#######
...# #.##.# ##.####.##.# #####
......#....# #)..# ...##.####.#
#...# ##.##.####.# ...
..†........# #g# #..##.######
#@## ############ #..##.# ##.#
#..........# ......# #.##
#..#####.... #...### ##.# ##.#
###.#.# #...# #.## #.###.†...#
....# ###..# #.##..###..
#...###### #....# #.##.##.##.
#........### #....# ##....#...#.
#...####...####....###...####.###


You could see Crazy Yiuf.

Vanquished Creatures
  Grinder (D:3)
  Terence (D:3)
  Ijyb (D:3)
  2 adders
  A dart slug (D:2)
  An orc (D:3)
  3 endoplasms
  5 giant cockroaches
  7 goblins
  3 hobgoblins
  A kobold (D:1)
  5 quokkas
  2 ball pythons
  2 bats
  4 frilled lizards
  3 rats
42 creatures vanquished.

Vanquished Creatures (others)
  A withered plant (D:1)
1 creature vanquished.

Grand Total: 43 creatures vanquished

Notes
Turn   | Place    | Note
-------+----------+-------------------------------------------
     0 | D:1      | Antediluvian the Formicid Monk began the quest for the Orb.
     0 | D:1      | Reached XP level 1. HP: 18/18 MP: 1/1
     6 | D:1      | Noticed an iguana
     6 | D:1      | Noticed a swamp drake
     6 | D:1      | Noticed a redback
     6 | D:1      | Noticed a lindwurm
   739 | D:1      | Reached XP level 2. HP: 24/24 MP: 2/2
   747 | D:1      | Reached skill level 1 in Armour
   818 | D:1      | Found a faded altar of an unknown god.
  1145 | D:1      | Became a worshipper of Lugonu the Unformed
  1145 | D:1      | Reached * piety under Lugonu
  1145 | D:1      | Reached ** piety under Lugonu
  1145 | D:1      | Reached *** piety under Lugonu
  1323 | D:2      | Reached XP level 3. HP: 27/30 MP: 3/3
  1638 | D:2      | Reached skill level 1 in Invocations
  2499 | D:3      | Reached XP level 4. HP: 33/37 MP: 4/4
  2556 | D:3      | Reached **** piety under Lugonu
  2594 | D:3      | Noticed Terence
  2611 | D:3      | Killed Terence
  2855 | D:3      | Found a runed translucent door.
  2856 | D:3      | Noticed Crazy Yiuf
  2962 | D:3      | Found a sparkling altar of Nemelex Xobeh.
  3066 | D:3      | Found a shadowy altar of Dithmenos.
  3066 | D:3      | Found a radiant altar of Vehumet.
  3243 | D:3      | Noticed Grinder
  3277 | D:3      | Killed Grinder
  3278 | D:3      | Reached XP level 5. HP: 13/43 MP: 5/7
  3278 | D:3      | Reached XP level 6. HP: 15/49 MP: 5/8
  3530 | D:3      | Noticed Ijyb
  3551 | D:3      | Killed Ijyb
  3712 | D:3      | Slain by Crazy Yiuf

Illustrated notes

Levels and vault maps discovered:
D:1:      onia_arrival_zoo_common, layout_loops_ring,
          shapermc_ecumenical_altar_flowoftime, minmay_misc_feat_rugged,
          nrook_mini_backslash, columned_hall_lemuel, chequers_mini_garden
D:2:      layout_loops_ring, serial_bayou_crossing
D:3:      layout_loops_cross, nemelex_dance_club_becter,
          grunt_temple_overflow_open, uniq_grinder, uniq_terence, uniq_ijyb,
          uniq_crazy_yiuf_cottage

Skill      XL: |  1  2  3  4 |
---------------+-------------+-----
Armour         | 1 3 |  3.2
Invocations    | 1 3 |  3.2
Fighting       | 4 |  4.7
Long Blades    | 4 |  4.3
Dodging        | |  2.6
Stealth        | |  2.4

Action                   |  1- 3 |  4- 6 || total
-------------------------+-------+-------++-------
Melee: Falchion          |    86 |    86 ||   172
 Stab: Sleeping          |     2 |       ||     2
Armor: Ring mail         |    26 |     3 ||    29
       Robe              |     1 |       ||     1
       Scale mail        |       |    14 ||    14
Dodge: Dodged            |    36 |    38 ||    74

Table legend: (Time is in decaauts)
 A = Elapsed time spent in this place.
 B = Non-inter-level travel time spent in this place.
 C = Inter-level travel time spent in this place.
 D = Time resting spent in this place.
 E = Time spent auto-exploring this place.
 F = Levels seen in this place.
 G = Mean time per level.
                   A        B        C        D        E       F      G
               +--------+--------+--------+--------+--------+-----+--------+
         Total |   3738 |   3546 |    192 |      0 |   3019 |   3 | 1246.0 |
       Dungeon |   3738 |   3546 |    192 |      0 |   3019 |   3 | 1246.0 |
               +--------+--------+--------+--------+--------+-----+--------+

Top non-repeatable levels by time:
     D:3: 1356 daAuts
     D:1: 1211 daAuts
     D:2: 1170 daAuts
